 Dungeon Crawl Stone Soup version 0.31.0-32-g396128a36d (webtiles) character file.

Game seed: 11484949784655145707

1046 PaiMei the Purveyor of Pain (level 8, -7/60 HPs)
             Began as a Demonspawn Necromancer on Mar 27, 2024.
             Was an Initiate of Kikubaaqudgha.
             Shot with an arrow by a centaur (15 damage)
             ... on level 6 of the Dungeon.
             The game lasted 00:09:18 (5905 turns).

PaiMei the Purveyor of Pain (DsNe)                  Turns: 5905, Time: 00:09:19

Health: -7/60      AC:  2    Str:  9    XL:     8   Next: 5%
Magic:  12/14      EV: 13    Int: 24    God:    Kikubaaqudgha [......]
Gold:   359        SH:  4    Dex: 13    Spells: 12/16 levels left

rFire   . . .        u - staff of death
rCold   . . .        y - +0 buckler
rNeg    + . .        a - +0 robe
rPois   .            (no helmet)
rElec   .            (no cloak)
rCorr   .            (no gloves)
SInv    .            (no boots)
Will    .....        (no amulet)
Stlth   ++           n - +6 ring of intelligence
HPRegen 0.30/turn    (no ring)
MPRegen 0.14/turn

%: no passive effects
@: no status effects
A: ignite blood 1, spiny 1, sturdy frame 3
a: Renounce Religion


You were on level 6 of the Dungeon.
You worshipped Kikubaaqudgha.
Kikubaaqudgha was noncommittal.
You visited 2 branches of the dungeon, and saw 7 of its levels.

You collected 359 gold pieces.

Inventory:

Hand Weapons
 i - a +0 short sword
 q - a +0 dagger of protection
 B - a +0 flail of draining
Missiles
 d - 25 poisoned darts
 p - 2 curare-tipped darts (quivered)
Armour
 a - a +0 robe (worn)
 y - a +0 buckler (worn)
Magical Staves
 u - a staff of death (weapon)
Jewellery
 n - a +6 ring of intelligence (left hand)
Wands
 w - a wand of flame (15)
Scrolls
 e - a scroll of teleportation {unknown}
 h - a scroll of fog {unknown}
 j - 3 scrolls of identify {unknown}
 m - a scroll of immolation {unknown}
 o - 2 scrolls of poison {unknown}
 r - a scroll of acquirement {unknown}
 s - a scroll of enchant armour {unknown}
 t - 2 scrolls of enchant weapon {unknown}
Potions
 b - a potion of magic
 c - a potion of degeneration {unknown}
 f - 2 potions of haste {unknown}
 g - 3 potions of berserk rage {unknown}
 k - 4 potions of curing {unknown}
 l - 2 potions of lignification {unknown}
 v - a potion of heal wounds {unknown}
 x - a potion of invisibility {unknown}
 z - a potion of enlightenment {unknown}
 A - a potion of attraction {unknown}


   Skills:
 + Level 4.1 Fighting
 + Level 4.5 Dodging
 - Level 2.3 Stealth
 + Level 4.6 Spellcasting
 + Level 6.7 Necromancy


You had 12 spell levels left.
You knew the following spells:

 Your Spells              Type           Power      Damage    Failure   Level
a - Necrotise             Necr           100%       1d9       1%          1
b - Vampiric Draining     Necr           54%        2d9       2%          3

Your spell library contained the following spells:

 Spells                   Type           Power      Damage    Failure   Level
 Animate Dead             Necr           54%        N/A       9%          4
 Apportation              Tloc           10%        N/A       14%         1
 Sting                    Conj/Alch      20%        1d4       14%         1
 Summon Small Mammal      Summ           20%        N/A       14%         1
 Curse of Agony           Necr           54%        N/A       26%         5
 Dazzling Flash           Conj/Hex       10%        N/A       41%         3
 Volatile Blastmotes      Fire/Tloc      10%        2d10      41%         3
 Starburst                Conj/Fire      2%         6d3       100%        6
 Maxwell's Capacitive Co  Air            2%         ∞         100%        8


Dungeon Overview and Level Annotations

Branches:
Dungeon (6/15)             Temple (1/1) D:6

Altars:
Ashenzari
Cheibriados
Dithmenos
Fedhas
Gozag
Hepliaklqana
Kikubaaqudgha
Makhleb
Nemelex Xobeh
Okawaru
Ru
Sif Muna
Trog
Uskayaw
Vehumet
Wu Jian
Xom


Innate Abilities, Weirdness & Mutations

Your demonic aura sometimes causes spilled blood to erupt in flames.
You are partially covered in sharp spines.
Your movements are significantly less encumbered by armour. (ER -6)


Message History

Your adder skeleton bites the gnoll sergeant but does no damage.
Your adder skeleton crumbles into dust!
A gnoll comes into view. It is wielding a +0 club.
Casting: Necrotise (safe; 1% risk of failure)
Confirm with . or Enter, or press ? or * to list all spells.
You can't see any susceptible monsters within range! (Use Z to cast anyway.)
Casting: Necrotise (safe; 1% risk of failure)
Confirm with . or Enter, or press ? or * to list all spells.
You can't see any susceptible monsters within range! (Use Z to cast anyway.)
A gnoll comes into view. It is wielding a +4 vampiric spear.
An ogre comes into view. It is wielding a +0 giant spiked club.
Casting: Necrotise (safe; 1% risk of failure)
Confirm with . or Enter, or press ? or * to list all spells.
You can't see any susceptible monsters within range! (Use Z to cast anyway.)
The ogre shouts!
The gnoll sergeant attacks as it pursues you!
The gnoll sergeant hits you from afar with a +0 trident.
A centaur comes into view.
The centaur shouts!
The centaur wields a +0 orcbow.
The centaur shoots an arrow.
The arrow barely misses you.
An ufetubus comes into view.
The centaur shoots an arrow.
The arrow hits you!
The centaur shoots an arrow.
The arrow hits you.
The gnoll sergeant completely misses you.
The centaur shoots an arrow.
The arrow hits you!
The ogre hits you with a +0 giant spiked club!
* * * LOW HITPOINT WARNING * * *
The gnoll hits your gnoll skeleton with a +0 club!
Your gnoll skeleton closely misses the gnoll.
An ufetubus comes into view.
The ufetubus hits you but does no damage.
The ufetubus closely misses you.
The gnoll hits your gnoll skeleton with a +0 club!
Your gnoll skeleton is destroyed!
The ufetubus slips past you! You block the ufetubus's attack.
The ufetubus closely misses you.
The centaur shoots an arrow.
The arrow hits you!
You die...
Kikubaaqudgha rasps: "You have failed me!
Welcome... death!"

....... .. #......#† ...... ...
#.#....###.......# ...# ...#
..........)....... ...####. ....
#.#)...###..#..... ........ .....
..................
...##.##....#..#.#....###...###..
#..##..........#.#.. #.....###
......# #.....55# #........
#.######. ..#..#@#### #........
...................g#####........
..######.##......O..S...gg.......
...# #.#.......#####........ ##+#
..........## #........ #.#.......
#S.#..#..
........c........Z......
##.##.##..#..###.).#.#.# .....
...... .>.g.....


You could see an ogre, a gnoll sergeant, a centaur, an adder and 2 ufetubi.

Vanquished Creatures
  A black bear (D:4)
  A centaur (D:6)
  A phantom (D:5)
  Blork the orc (D:6)
  A bullfrog (D:6)
  A gnoll sergeant (D:6)
  A scorpion (D:6)
  4 hounds
  2 iguanas
  Natasha (twice) (D:2)
  An orc wizard (D:6)
  4 gnolls (D:6)
  13 adders
  2 dart slugs (D:2)
  2 ribbon worms
  7 orcs
  A bat (D:1)
  10 endoplasms
  3 giant cockroaches
  7 goblins
  7 hobgoblins
  12 jackals
  4 quokkas
  14 ball pythons
  3 frilled lizards
  8 kobolds
  2 rats (D:2)
115 creatures vanquished.

Vanquished Creatures (collateral kills)
  Natasha (D:2)
  2 ball pythons
  A hobgoblin (D:1)
4 creatures vanquished.

Vanquished Creatures (others)
  An adder (D:3)
1 creature vanquished.

Grand Total: 120 creatures vanquished

Notes
Turn   | Place    | Note
-------+----------+-------------------------------------------
     0 | D:1      | PaiMei the Demonspawn Necromancer began the quest for the
                  | Orb.
     0 | D:1      | Reached XP level 1. HP: 13/13 MP: 3/3
   243 | D:1      | Gained mutation: Your movements are slightly less
                  | encumbered by armour. (ER -2) [demonic ancestry]
   243 | D:1      | Reached XP level 2. HP: 19/19 MP: 1/5
   503 | D:1      | Found a faded altar of an unknown god.
   703 | D:1      | Gained mutation: Your movements are less encumbered by
                  | armour. (ER -4) [demonic ancestry]
   703 | D:1      | Reached XP level 3. HP: 24/24 MP: 3/6
   707 | D:1      | Learned a level 3 spell: Vampiric Draining
   908 | D:2      | Noticed Natasha
   971 | D:2      | Killed Natasha
   972 | D:2      | Gained mutation: You are partially covered in sharp spines.
                  | [demonic ancestry]
   972 | D:2      | Reached XP level 4. HP: 8/31 MP: 1/7
  1184 | D:2      | Found a snail-covered altar of Cheibriados.
  1198 | D:2      | Noticed Natasha
  1199 | D:2      | Reached skill level 1 in Fighting
  1231 | D:2      | Killed Natasha
  1232 | D:2      | Reached skill level 5 in Necromancy
  1374 | D:2      | Noticed Natasha
  1382 | D:2      | Killed Natasha
  1383 | D:2      | Reached XP level 5. HP: 30/37 MP: 3/9
  2213 | D:3      | Found a snail-covered altar of Cheibriados.
  2453 | D:3      | Identified the orb "Hodec" {*channel, +Inv rElec Int+6
                  | Dex-5}
  2872 | D:4      | Noticed a black bear
  2887 | D:4      | Killed a black bear
  2888 | D:4      | Gained mutation: Your demonic aura sometimes causes spilled
                  | blood to erupt in flames. [demonic ancestry]
  2888 | D:4      | Reached XP level 6. HP: 18/46 MP: 0/11
  3890 | D:5      | Entered Level 5 of the Dungeon
  4285 | D:5      | Gained mutation: Your movements are significantly less
                  | encumbered by armour. (ER -6) [demonic ancestry]
  4285 | D:5      | Reached XP level 7. HP: 52/52 MP: 8/12
  4343 | D:5      | Reached skill level 6 in Necromancy
  4618 | D:5      | Found a blossoming altar of Fedhas.
  5272 | D:6      | Found an iron altar of Okawaru.
  5359 | D:6      | Found a staircase to the Ecumenical Temple.
  5368 | Temple   | Entered the Ecumenical Temple
  5391 | Temple   | Became a worshipper of Kikubaaqudgha
  5438 | D:6      | HP: 2/53 [gnoll/+0 spear[a gnoll sergeant] (9)]
  5671 | D:6      | Noticed Blork the orc
  5679 | D:6      | Killed Blork the orc
  5798 | D:6      | Reached XP level 8. HP: 43/60 MP: 10/14
  5905 | D:6      | Shot with an arrow by a centaur

Illustrated notes

Levels and vault maps discovered:
D:1:      lightli_arrival_windingriver, layout_rooms,
          ebering_ecumenical_altar_sacrificial
D:2:      layout_basic, basic_altar, uniq_natasha
D:3:      layout_basic, mainiacjoe_overflow_alcove_1
D:4:      wander_river, layout_gridville
D:5:      layout_basic, lemuel_crystal_altar, serial_curves, eino_curves_01,
          eino_curves_04, eino_curves_03
D:6:      layout_basic, okawaru_gym_becter, temple_statues,
          hangedman_abyss_or_decor_jellyfish_corner, kennysheep_generic_room_13,
          uniq_blork_the_orc
Temple:   nicolae_temple_superstar

Skill      XL: |  1  2  3  4  5  6  7 |
---------------+----------------------+-----
Dodging        | 2 3 4 |  4.5
Stealth        | 2 |  2.3
Fighting       | 1 2 3 4 |  4.1
Necromancy     | 5 6 |  6.7
Spellcasting   | 3 4 |  4.6

Action                     |  1- 3 |  4- 6 |  7- 9 || total
---------------------------+-------+-------+-------++-------
  Melee: Unarmed           |     3 |       |       ||     3
         Short sword       |     4 |     3 |       ||     7
         Dagger            |       |    14 |    13 ||    27
         Staff             |       |       |     9 ||     9
   Cast: Necrotise         |    53 |   135 |    41 ||   229
         Vampiric Draining |       |     1 |     5 ||     6
 Armour: Robe              |     8 |    28 |    39 ||    75
  Dodge: Dodged            |     7 |    37 |    28 ||    72
  Block: Buckler           |       |       |     5 ||     5
